 Dungeon Crawl Stone Soup version 0.22-a0-580-gd5db89c (webtiles) character file.

7335 sking99 the Grappler (level 10, -5/97 HPs)
             Began as a Troll Monk on July 3, 2018.
             Was an Elder of Elyvilon.
             Slain by a killer bee (8 damage)
             ... on level 10 of the Dungeon.
             The game lasted 00:17:59 (9241 turns).

sking99 the Grappler (Troll Monk)                   Turns: 9241, Time: 00:18:00

Health: -5/97      AC:  6    Str: 21    XL:     10   Next: 90%
Magic:  9/9        EV: 10    Int:  6    God:    Elyvilon [****..]
Gold:   509        SH: 10    Dex: 17    Spells: 8/9 levels left

rFire    + . .     SeeInvis .     - Unarmed
rCold    . . .     Gourm    +   y - +0 shield
rNeg     . . .     Faith    .   a - +1 robe
rPois    .         Spirit   .   (helmet restricted)
rElec    .         Reflect  .   A - scarf {repulsion}
rCorr    .         Harm     .   (gloves unavailable)
MR       .....                  (boots unavailable)
Stlth    ++........             g - amulet of magic regeneration
HPRegen  0.66/turn              l - +2 ring of dexterity
MPRegen  0.36/turn              j - ring of protection from fire

@: lethally poisoned (-5 -> -6), hasted, repel missiles, very quick
A: large, unfitting armour, claws 3, fast metabolism 3, gourmand, regeneration
1, shaggy fur 1, tough skin 2
a: Lesser Healing, Heal Other, Purification, Greater Healing, Divine Protection,
Renounce Religion


You were on level 10 of the Dungeon.
You worshipped Elyvilon.
Elyvilon was greatly pleased with you.
You were completely stuffed.

You visited 2 branches of the dungeon, and saw 11 of its levels.
You also visited: Ossuary.

You collected 509 gold pieces.

Inventory:

Armour
 a - a +1 robe (worn)
 y - a +0 shield (worn)
 A - a scarf of repulsion (worn)
Jewellery
 g - an amulet of magic regeneration (around neck)
 h - an uncursed ring of resist corrosion
 i - an uncursed ring of wizardry
 j - a ring of protection from fire (right claw)
 l - a +2 ring of dexterity (left claw)
 p - an uncursed ring of fire
Wands
 q - a wand of paralysis (28)
 r - a wand of iceblast (12)
 B - a wand of digging (21)
 E - a wand of disintegration (8)
 J - a wand of acid (10)
Scrolls
 c - 5 scrolls of remove curse
 d - 5 scrolls of teleportation
 f - 4 scrolls of fear
 m - 2 scrolls of enchant weapon
 v - 4 scrolls of identify
 C - 2 scrolls of blinking {unknown}
 D - 2 scrolls of acquirement {unknown}
 G - 4 scrolls of amnesia
 H - 3 scrolls of torment {unknown}
 I - a scroll of magic mapping {unknown}
Potions
 e - a potion of heal wounds
 k - a potion of magic
 n - 2 potions of curing
 o - 2 potions of mutation
 t - 2 potions of agility
 u - a potion of brilliance
 w - 3 potions of berserk rage {unknown}
 x - 3 potions of invisibility {unknown}
 z - a potion of cancellation {unknown}
 F - a potion of resistance {unknown}
Comestibles
 b - 21 rations


   Skills:
 - Level 5.6 Fighting
 - Level 2.4 Dodging
 - Level 1.0 Stealth
 + Level 6.2 Shields
 * Level 13.5 Unarmed Combat


You had 8 spell levels left.
You knew the following spells:

 Your Spells              Type           Power        Failure   Level  Hunger
a - Apportation           Tloc           #.....       65%         1    ##.....

Your spell library contained the following spells:

 Spells                   Type           Power        Failure   Level  Hunger
 Summon Small Mammal      Summ           #...         65%         1    ##.....
 Animate Skeleton         Necr           N/A          65%         1    ##.....
 Stone Arrow              Conj/Erth      #.....       95%         3    ####...
 Confusing Touch          Hex            #.....       65%         1    ##.....
 Passwall                 Tmut/Erth      #.......     80%         2    ###....
 Lee's Rapid Deconstruct  Erth           #.........   100%        5    ######.
 Sandblast                Erth           #.....       65%         1    ##.....
 Petrify                  Tmut/Erth      #.......     100%        4    #####..


Dungeon Overview and Level Annotations

Branches:
Dungeon (10/15)            Temple (1/1) D:5
   Lair: D:8-11         Orc: D:9-12

Altars:
Ashenzari
Cheibriados
Dithmenos
Elyvilon
Fedhas
Gozag
Hepliaklqana
Kikubaaqudgha
Makhleb
Nemelex Xobeh
Okawaru
Qazlal
Ru
Sif Muna
Trog
Uskayaw
Vehumet
Wu Jian
Xom
Yredelemnul
Zin
The Shining One


Innate Abilities, Weirdness & Mutations

You are too large for most types of armour.
You have claws for hands.
Your metabolism is lightning-fast.
You like to eat raw meat.
Your natural rate of healing is unusually fast.
You are covered in fur. (AC +1)
You have very tough skin. (AC +2)


Message History

The killer bee poisons you!
You feel sick. The killer bee barely misses you.
The sky beast flickers out of sight!
Deactivating autopickup; reactivate with Ctrl-A.
You block the killer bee's attack. The killer bee barely misses you.
Found a scroll of enchant weapon.
You feel sick. The killer bee stings you.
* * * LOW HITPOINT WARNING * * *
You are more poisoned.
The killer bee poisons you!
You feel sick.
A sky beast appears from thin air!
Reactivating autopickup.
You feel better. The killer bee stings you!
* * * LOW HITPOINT WARNING * * *
You are poisoned.
The killer bee poisons you! You block the sky beast's attack.
The killer bee stings you.
* * * LOW HITPOINT WARNING * * *
You feel sick. The killer bee barely misses you. The killer bee stings you!
You die...

.<. ## #.##..<.## #.
...# #. #y# #...# ...
...##.###.####...###..?
.##......#†##..O........
........................
....).....##.##yy§....#.
#...........yyyY......
###....######y.y......
####........@y......
########.........
#####..#######
#.<.......# #.........#
#.........# #.........#
#.........# #.........#


You could see a sky beast, an ogre and 8 killer bees.

Vanquished Creatures
  A two-headed ogre (D:7)
  A queen bee (D:8)
  A troll (D:9)
  A hippogriff (D:8)
  3 yaks (D:9)
  A hungry ghost (D:9)
  5 orc warriors
  A black bear (D:9)
  An ice beast (D:7)
  2 phantoms
  5 ogres
  4 centaurs
  A big kobold (D:8)
  5 bullfrogs
  A wyvern skeleton (D:9)
  13 scorpions
  3 wights (D:8)
  30 killer bees
  A howler monkey (D:5)
  6 crimson imps
  A centaur zombie (Ossuary)
  2 hounds
  3 orc priests
  3 bullfrog skeletons
  3 human zombies (Ossuary)
  A jelly (D:6)
  7 orc wizards
  Jessica (D:3)
  3 iguanas
  6 worker ants
  A big kobold zombie (Ossuary)
  2 hound skeletons
  3 mummies (Ossuary)
  A worker ant zombie (D:8)
  7 gnolls
  4 scorpion zombies (Ossuary)
  12 adders
  3 shadow imps
  3 oozes
  An adder skeleton (D:6)
  8 leopard geckos
  29 orcs
  4 giant cockroaches
  2 gnoll zombies (Ossuary)
  4 goblins
  12 hobgoblins
  7 jackals
  3 quokkas
  8 bats
  6 frilled lizards
  A goblin zombie (Ossuary)
  2 hobgoblin zombies (Ossuary)
  A jackal skeleton (D:6)
  17 kobolds
  2 kobold zombies (Ossuary)
  2 orc zombies (Ossuary)
  2 quokka zombies
  10 rats
  A rat zombie (D:7)
274 creatures vanquished.

Notes
Turn   | Place    | Note
-------+----------+-------------------------------------------
     0 | D:1      | sking99 the Troll Monk began the quest for the Orb.
     0 | D:1      | Reached XP level 1. HP: 22/22 MP: 0/0
    48 | D:1      | Reached XP level 2. HP: 22/29 MP: 1/1
   543 | D:2      | Reached XP level 3. HP: 36/36 MP: 2/2
   649 | D:2      | Reached skill level 4 in Unarmed Combat
  1077 | D:2      | Reached XP level 4. HP: 35/45 MP: 3/3
  1157 | D:3      | Found a blossoming altar of Fedhas.
  1415 | D:3      | Reached skill level 5 in Unarmed Combat
  1422 | D:3      | Reached XP level 5. HP: 36/53 MP: 4/4
  1558 | D:3      | Found a deep blue altar of Sif Muna.
  1558 | D:3      | Noticed Jessica
  1564 | D:3      | Killed Jessica
  1568 | D:3      | Found a shadowy altar of Dithmenos.
  2101 | D:4      | Reached XP level 6. HP: 54/62 MP: 5/5
  2513 | D:5      | Entered Level 5 of the Dungeon
  2524 | D:5      | Reached skill level 6 in Unarmed Combat
  2652 | D:5      | Learned a level 1 spell: Apportation
  2676 | D:5      | Noticed an orc warrior
  2690 | D:5      | Killed an orc warrior
  2690 | D:5      | Reached XP level 7. HP: 28/71 MP: 6/6
  2838 | D:5      | Reached skill level 7 in Unarmed Combat
  2994 | D:5      | Found a staircase to the Ecumenical Temple.
  3106 | Temple   | Entered the Ecumenical Temple
  3114 | Temple   | Became a worshipper of Elyvilon the Healer
  3114 | Temple   | Reached * piety under Elyvilon
  3114 | Temple   | Reached ** piety under Elyvilon
  3594 | D:6      | Reached skill level 8 in Unarmed Combat
  3601 | D:6      | Reached skill level 5 in Fighting
  3640 | D:6      | Reached XP level 8. HP: 80/80 MP: 7/7
  3942 | D:6      | Reached skill level 9 in Unarmed Combat
  4393 | D:7      | Reached *** piety under Elyvilon
  4435 | D:7      | Found a stormy altar of Qazlal.
  4490 | D:7      | Found a sand-covered staircase.
  4502 | Ossuary  | Entered an ossuary
  4562 | Ossuary  | Reached skill level 1 in Shields
  4780 | Ossuary  | Reached skill level 10 in Unarmed Combat
  4817 | Ossuary  | Reached XP level 9. HP: 29/88 MP: 8/8
  5369 | D:7      | Paralysed by an orc for 6 turns
  5564 | D:7      | Noticed a two-headed ogre
  5576 | D:7      | Killed a two-headed ogre
  5576 | D:7      | Reached skill level 11 in Unarmed Combat
  6313 | D:8      | Reached XP level 10. HP: 87/97 MP: 9/9
  6375 | D:8      | Found a shimmering altar of Xom.
  6378 | D:8      | Found an ancient bone altar of Kikubaaqudgha.
  6381 | D:8      | Reached skill level 12 in Unarmed Combat
  6393 | D:8      | Found an opulent altar of Gozag.
  6396 | D:8      | Found a bloodstained altar of Trog.
  7343 | D:8      | Reached skill level 5 in Shields
  8086 | D:9      | Reached **** piety under Elyvilon
  8232 | D:9      | Reached skill level 13 in Unarmed Combat
  8425 | D:9      | HP: 4/97 [orc warrior/halberd (11)]
  9172 | D:10     | Entered Level 10 of the Dungeon
  9240 | D:10     | HP: 4/97 [killer bee (4)]
  9241 | D:10     | Slain by a killer bee

Vault maps used:
D:1:      eino_arrival_tree_alley
D:2:      minmay_misc_feat_tower, st_stairs_10
D:3:      kennysheep_six_static_rooms, fedhas_altar_1,
          chequers_temple_overflow_statue_of_worship, first_ration, uniq_jessica
D:4:      serial_glass, glass_columns_a, glass_columns_c, due_unseen_surprise
D:5:      minmay_temple_entry_glassed_door, minmay_a_box_with_orc_wizards_in_it
D:7:      basic_altar, enter_ossuary_4
D:8:      grunt_temple_overflow_cloverleaf
D:10:     david_nohive_1
Temple:   nicolae_temple_no_exploring_needed
Ossuary:  ossuary_minmay_scorpions

Skill      XL: |  1  2  3  4  5  6  7  8  9 10 |
---------------+-------------------------------+-----
Unarmed Combat | 4 5 6 8 10 11 13 | 13.5
Fighting       | 3 4 5 |  5.6
Shields        | 2 4 6 |  6.2
Dodging        | |  2.4
Stealth        | |  1.0

Action                   |  1- 3 |  4- 6 |  7- 9 | 10-12 || total
-------------------------+-------+-------+-------+-------++-------
Melee: Unarmed           |    89 |   119 |   329 |   273 ||   810
       Punch             |       |     6 |     4 |       ||    10
  Use: Scroll            |       |     7 |    10 |       ||    17
       Potion            |       |       |     3 |     5 ||     8
 Stab: Sleeping          |     5 |     2 |     4 |     2 ||    13
  Eat: Chunk             |    15 |    13 |    35 |    28 ||    91
       Ration            |       |       |       |     2 ||     2
Armor: Robe              |    24 |    25 |    62 |    76 ||   187
       Skin              |       |       |    25 |       ||    25
Dodge: Dodged            |    31 |    46 |    92 |   138 ||   307
       Deflected         |       |       |     6 |     1 ||     7
Block: Shield            |       |       |    64 |   175 ||   239

Table legend:
 A = Spawn XP
 B = Non-spawn XP
 C = Spawn XP percentage of total XP
 D = Spawn monster count
 E = Non-spawn monster count
 F = Spawn count percentage of total count
 G = Total turns spent on level
                    A         B        C        D         E        F      G
               +---------+---------+-------+---------+---------+-------+---------
         Total |       0 |   10479 |   0.0 |       0 |     274 |   0.0 |  9241
               +---------+---------+-------+---------+---------+-------+---------
           D:1 |       0 |      36 |   0.0 |       0 |      23 |   0.0 |   507
           D:2 |       0 |      72 |   0.0 |       0 |      17 |   0.0 |   650
           D:3 |       0 |     164 |   0.0 |       0 |      32 |   0.0 |   836
           D:4 |       0 |     133 |   0.0 |       0 |      14 |   0.0 |   520
           D:5 |       0 |     682 |   0.0 |       0 |      17 |   0.0 |   908
           D:6 |       0 |     875 |   0.0 |       0 |      21 |   0.0 |   854
           D:7 |       0 |    1436 |   0.0 |       0 |      19 |   0.0 |   983
           D:8 |       0 |    3280 |   0.0 |       0 |      56 |   0.0 |  2118
           D:9 |       0 |    2713 |   0.0 |       0 |      37 |   0.0 |  1191
          D:10 |       0 |     225 |   0.0 |       0 |       8 |   0.0 |    69
       Ossuary |       0 |     863 |   0.0 |       0 |      30 |   0.0 |   588
               +---------+---------+-------+---------+---------+-------+---------
